Description

A very aggressive way to open PvP, inspired by ROOTherO.

VOD

https://www.youtube.com/watch?v=uU3XRt6eN4k

Replay - adept oracle hyper aggressive pvp

Build Order

Get SALT Encoding   

  12  0:01  Probe (Chrono Boost)  
  13  0:11  Probe (Chrono Boost)  
  14  0:17  Pylon  
  14  0:22  Probe (Chrono Boost)  
  16  0:35  Probe (Chrono Boost)  
  16  0:39  Gateway  
  16  0:41  Assimilator  
  16  0:46  Probe (Chrono Boost)  
  17  0:52  Assimilator  
  17  0:56  Probe (Chrono Boost)  
  18  1:07  Probe (Chrono Boost)  
  19  1:11  Gateway  
  19  1:18  Probe (Chrono Boost)  
  20  1:26  Cybernetics Core  
  20  1:29  Probe (Chrono Boost)  
  21  1:36  Pylon  
  22  1:40  Probe (Chrono Boost)  
  23  1:55  Warp Gate  
  23  2:03  Adept x2  
  28  2:10  Pylon  
  28  2:16  Stargate  
  29  2:36  Stalker x2  
  34  2:56  Pylon  
  34  2:57  Oracle  
  35  3:29  Oracle  
  39  3:39  Nexus  
  39  3:52  Pylon  
  42  4:10  Mothership Core (Chrono Boost)  
  42  4:15  Adept x2  
  43  4:29  Robotics Facility  
  44  4:45  Sentry x2  
  49  5:01  Gateway  
  49  5:03  Assimilator  
  48  5:12  Immortal  
  52  5:27  Sentry  
  54  5:30  Stalker  
  59  5:46  Twilight Council  
  60  5:53  Stalker  
  63  5:59  Assimilator  
  63  6:03  Adept x2  
  68  6:05  Observer  
  72  6:20  Blink  
  72  6:29  Immortal  
  75  6:50  Stalker x3  
Spawning Tool Build Advisor. Get it on Overwolf

Go to:

Details

  • Created by: PiG      
  • Published on: Jun 08, 2017
  • Modified on: Jun 08, 2017
  • Patch: 3.8.0
Show
View Real Time Build Order
Export as new Build Order

Comments (0)

There are no comments. Be the first!

Create an account to comment!